Map: Dash and Terminal LE (Void)

Players

wabbajack

  • Race: Terran Terran
  • League: Grandmaster

ZBLEX - Winner!

  • Race: Protoss Protoss
  • League: Grandmaster

VOD

Have the link to the VOD?

Description

Time

  • Played on: July 14, 2015, 4:48 p.m.
  • Length: 11:09
Show
View Real Time Build Order
Export as new Build Order

wabbajack Terran 

Build Orders: 1/1/1 

Get SALT Encoding   

  12  0:00  SCV  
  13  0:13  SCV  
  14  0:19  Supply Depot  
  14  0:25  SCV  
  15  0:29  Refinery  
  15  0:40  SCV  
  16  0:47  Barracks  
  16  0:53  SCV  
  17  1:05  SCV, Supply Depot  
  18  1:17  SCV  
  19  1:34  Orbital Command  
  19  1:38  Factory  
  19  1:49  Refinery  
  19  1:51  Barracks Reactor  
  19  2:01  SCV  
  20  2:13  SCV  
  21  2:24  Starport  
  21  2:25  SCV  
  22  2:35  Widow Mine x2  
  26  2:41  Supply Depot  
  26  2:50  Command Center  
  26  2:58  SCV  
  27  3:02  Medivac  
  27  3:04  Supply Depot, Widow Mine  
  31  3:05  Widow Mine  
  31  3:12  Barracks Reactor  
  33  3:22  Barracks  
  33  3:26  SCV  
  34  3:38  SCV  
  35  3:43  Supply Depot  
  35  4:00  SCV  
  36  4:06  Supply Depot  
  28  5:00  Widow Mine x2  
  28  5:03  Medivac x2  
  28  5:06  Barracks Tech Lab  
  36  5:07  Armory  
  36  5:08  Barracks Reactor  
  36  5:13  Barracks  
  36  5:15  Barracks  
  36  5:16  Barracks  
  36  5:20  SCV, Engineering Bay  
  37  5:21  Engineering Bay  
  37  5:26  Orbital Command  
  37  5:32  SCV  
  38  5:44  SCV  
  39  5:51  SCV  
  39  5:56  SCV  
  41  6:01  Barracks Tech Lab  
  41  6:03  Barracks Reactor  
  41  6:07  Medivac  
  41  6:08  SCV  
  41  6:09  Viking  
  46  6:12  Hellbat x2  
  46  6:13  Marine x2  
  46  6:14  Marauder  
  46  6:15  Stimpack  
  46  6:18  Terran Infantry Weapons Level 1, Terran Infantry Armor Level 1  
  54  6:20  SCV  
  54  6:21  SCV  
  58  6:26  Marauder  
  59  6:32  SCV  
  59  6:34  SCV  
  59  6:36  Supply Depot x2  
  60  6:43  Barracks Tech Lab  
  60  6:45  SCV  
  61  6:52  Marine x2  
  61  6:53  Marine x2  
  65  6:54  Marine  
  66  7:03  SCV, Hellbat x2  
  66  7:06  SCV  
  66  7:07  Refinery x2  
  72  7:12  Marine  
  73  7:15  Liberator  
  73  7:16  SCV  
  73  7:19  SCV, Marine  
  76  7:23  Marine  
  77  7:34  Marine x3  
  77  7:35  Marine x2  
  77  7:36  Marine  
  86  7:37  Marine  
  86  7:41  Marine  
  88  7:45  SCV  
  89  7:55  Command Center, Supply Depot  
  89  7:56  Supply Depot  
  89  7:57  SCV  
  90  8:02  Marine x3  
  90  8:03  Marine  
  94  8:17  SCV, Hellbat x2, Marine x3  
  102  8:20  Supply Depot x2  
  102  8:21  Supply Depot  
  102  8:23  Unknown  
  102  8:31  Liberator x2  
  102  8:45  Widow Mine x2  
  106  8:50  Refinery  
  112  8:59  Supply Depot  
  112  9:01  Supply Depot  
  112  9:11  Orbital Command  
  112  9:14  Liberator x2  
  112  9:17  Refinery  
  112  9:21  SCV x2  
  114  9:33  SCV  
  121  9:57  Liberator x2  
  121  10:01  Widow Mine x2  
  121  10:02  Marauder, Marine x2  
  121  10:03  Marine x2  
  121  10:04  Marauder x2  
  141  10:30  Starport  
  141  10:31  Supply Depot  
  141  10:33  Supply Depot  
  141  10:40  Marauder  
  141  10:41  Marauder x2  
Show
View Real Time Build Order
Export as new Build Order

ZBLEX Protoss - Winner!

Build Orders: Nexus First 

Get SALT Encoding   

  12  0:02  Probe  
  14  0:14  Probe  
  14  0:20  Pylon  
  14  0:38  Probe (Chrono Boost)  
  15  0:48  Probe (Chrono Boost)  
  16  0:55  Probe (Chrono Boost)  
  17  1:02  Nexus  
  17  1:07  Probe (Chrono Boost)  
  17  1:09  Assimilator  
  18  1:16  Probe (Chrono Boost)  
  19  1:24  Gateway  
  19  1:30  Probe  
  20  1:42  Probe (Chrono Boost), Pylon  
  20  1:44  Assimilator  
  22  1:54  Probe (Chrono Boost)  
  23  2:01  Probe (Chrono Boost)  
  23  2:12  Probe  
  24  2:22  Cybernetics Core  
  24  2:28  Probe (Chrono Boost)  
  24  2:29  Probe (Chrono Boost)  
  26  2:32  Zealot  
  26  2:33  Pylon  
  28  2:40  Probe (Chrono Boost)  
  30  2:45  Probe (Chrono Boost)  
  30  2:48  Probe (Chrono Boost)  
  30  2:50  Probe (Chrono Boost)  
  31  2:57  Probe  
  33  3:00  Warp Gate (Chrono Boost)  
  33  3:02  Mothership Core, Adept  
  37  3:09  Probe  
  38  3:21  Robotics Facility  
  38  3:24  Probe x2, Pylon  
  38  3:25  Adept  
  42  3:40  Gateway  
  42  3:43  Gateway  
  42  3:46  Probe  
  42  3:47  Probe  
  44  3:52  Stalker  
  46  4:00  Probe  
  46  4:01  Probe  
  49  4:10  Observer (Chrono Boost)  
  49  4:12  Probe  
  49  4:13  Probe  
  46  4:31  Probe  
  45  4:45  Probe x2  
  47  4:48  Observer  
  48  4:58  Probe x2  
  50  5:04  Gateway  
  50  5:08  Gateway  
  50  5:10  Probe x2  
  52  5:18  Assimilator  
  52  5:20  Assimilator  
  52  5:22  Immortal  
  52  5:23  Pylon  
  56  5:28  Probe  
  56  5:29  Probe, Pylon  
  56  5:31  Pylon  
  58  5:36  Sentry  
  58  5:41  Probe  
  61  5:46  Probe  
  62  5:53  Probe  
  63  5:58  Gateway, Probe  
  63  6:00  Gateway  
  63  6:01  Gateway  
  64  6:05  Robotics Bay  
  64  6:08  Immortal  
  68  6:13  Probe x2  
  70  6:25  Probe  
  71  6:33  Nexus  
  71  6:35  Pylon  
  71  6:38  Pylon  
  71  6:41  Probe x2  
  71  6:43  Pylon  
  71  6:44  Colossus  
  73  6:48  Assimilator  
  73  6:53  Assimilator  
  79  6:55  Extended Thermal Lance (Chrono Boost)  
  79  7:03  Forge  
  79  7:09  Forge  
  79  7:10  Sentry  
  79  7:11  Sentry x2  
  79  7:12  Twilight Council, Pylon  
  85  7:17  Pylon  
  85  7:23  Probe x2  
  85  7:26  Stalker  
  85  7:27  Stalker x3  
  95  7:38  Protoss Ground Weapons Level 1 (Chrono Boost)  
  95  7:52  Photon Cannon  
  95  7:55  Colossus  
  95  7:58  Photon Cannon  
  101  8:10  Photon Cannon  
  101  8:16  Photon Cannon  
  101  8:19  Probe x3  
  104  8:26  Zealot x4  
  104  8:27  Zealot  
  114  8:38  Protoss Ground Armor Level 1 (Chrono Boost)  
  114  8:48  Robotics Facility  
  114  8:49  Charge (Chrono Boost)  
  118  8:58  Stalker x3  
  118  9:01  Disruptor  
  124  9:14  Nexus  
  124  9:17  Pylon  
  124  9:21  Pylon  
  124  9:25  Pylon  
  124  9:34  Assimilator  
  124  9:36  Assimilator  
  124  9:38  Pylon  
  128  9:39  Mothership Core  
  128  9:44  Disruptor  
  130  9:54  Stalker x2  
  130  9:55  Stalker x6  
  146  10:18  Zealot x3  
  146  10:19  Disruptor x2, Zealot x3  
  164  10:25  Pylon  
  138  10:58  Stalker x2  
  138  10:59  Stalker x3  
  138  11:00  Stalker x3  
Tags
 
Add a new tag
Caveats
  • Supply blocks, unpowered buildings, or Contaminate may cause inaccurate times.
  • Supply counts are checked every 10 seconds.